AoeStats
← akyavuzer78

Arabia

510184613Analyzed
1v1 RM · 3d ago on Sep 29, 2026· 43m 47s· 2 players
Game mode
Random Map
Map size
Tiny (2 player)
Population
200
Speed
Normal
Resources
Standard
Victory
Conquest
Starting age
Dark Age
Ending age
Imperial Age
RankedLock teamsTeams togetherTeam positionsShared explorationLock speedFull tech treeHidden civsTurbo modeCheats
Victory
Defeat
🇹🇷 Franks · Türkiye
696
+16
694
-16
juarez.ruiz.jesus.angell
10:24 Feudal Age
11:03 Double-Bit Axe
21:13 Castle Age
19:06 Horse Collar
21:03 Stone Mining
26:24 Scale Barding Armor
26:20 Padded Archer Armor
26:10 Fletching
29:47 Gold Mining
30:25 Pikeman
37:37 Imperial Age
36:49 Murder Holes
36:35 Treadmill Crane
38:15 Cavalier
akyavuzer78
11:04 Feudal Age
11:41 Double-Bit Axe
14:27 Wheelbarrow
22:17 Castle Age
20:33 Gold Mining
22:26 Scale Barding Armor
22:32 Forging
26:51 Chain Barding Armor
27:07 Iron Casting
28:10 Hand Cart
34:07 Imperial Age
33:57 Husbandry
35:30 Plate Barding Armor
34:38 Cavalier
41:16 Blast Furnace
39:40 Paladin
Connection lost

Rejoining the realm…

Still unreachable

The connection could not be restored.

Session expired

The server has moved on; the page needs a fresh start.